 Dungeon Crawl Stone Soup version 0.30-a0-778-g2ef04afb54 (webtiles) character file.

Game seed: 6744717683304781734

22 Goldberg the Trooper (level 3, -2/29 HPs)
             Began as a Human Fighter on Feb 15, 2023.
             Succumbed to their own poison gas
             ... on level 1 of the Dungeon.
             The game lasted 00:03:31 (694 turns).

Goldberg the Trooper (Human Fighter)                 Turns: 694, Time: 00:03:31

Health: -2/29      AC:  6    Str: 18    XL:     3   Next: 7%
Magic:  3/3        EV:  9    Int:  8    God:
Gold:   51         SH:  4    Dex: 12    Spells: 2/2 levels left

rFire   . . .      SeeInvis .    a - +0 trident
rCold   . . .      Faith    .    c - +0 buckler
rNeg    . . .      Spirit   .    b - +0 scale mail
rPois   .          Reflect  .    (no helmet)
rElec   .          Harm     .    (no cloak)
rCorr   .          Rampage  .    (no gloves)
Will    .....                    (no boots) Stlth
                                 (no amulet)
HPRegen 0.24/turn                (no ring)
MPRegen 0.08/turn                (no ring)

@: lethally poisoned (-2 -> -42)
A: no striking features
a: no special abilities


You were on level 1 of the Dungeon.
You visited 1 branch of the dungeon, and saw 1 of its levels.

You collected 51 gold pieces.

Inventory:

Hand Weapons
 a - a +0 trident (weapon)
Armour
 b - a +0 scale mail (worn)
 c - a +0 buckler (worn)
Scrolls
 g - a scroll of enchant weapon {unknown}
 h - a scroll of blinking {unknown}
Potions
 d - a potion of might
 f - a potion of curing {unknown}


   Skills:
 + Level 3.3 Fighting
 + Level 2.4 Polearms
 + Level 3.2 Armour
 + Level 3.1 Shields


You had 2 spell levels left.
You didn't know any spells.
Your spell library was empty.

Dungeon Overview and Level Annotations

Branches:
Dungeon (1/15)

Altars:

Shops:
D:1 *


Message History

There is an open door here.
You open the door.
There is an open door here.
An endoplasm and a ball python come into view.
The ball python hisses angrily.
You reach to attack!
You closely miss the ball python. You puncture the ball python!
You kill the ball python!
You puncture the endoplasm!
You kill the endoplasm!
You have reached level 3!
Your experience leads to an increase in your attributes!
Increase (S)trength, (I)ntelligence, or (D)exterity?
Uppercase letters only, please.
You feel stronger. x2
An endoplasm comes into view.
The endoplasm quivers.
You reach to attack!
You hit the endoplasm.
You kill the endoplasm!
A ball python comes into view.
Found 18 gold pieces.
The ball python hisses angrily.
You see here a scroll labelled KIVEBA KIOSUD.
The ball python falls through a shaft!
The shaft crumbles and collapses.
You now have 51 gold pieces (gained 18).
h - a scroll labelled KIVEBA KIOSUD The air fills with toxic fumes!
As you read the scroll labelled LASETIEHUMA, it crumbles to dust.
It was a scroll of poison.
Really walk into that cloud of poison gas? [Y]es or [N]o only, please.
Really walk into that cloud of poison gas?
You are engulfed in poison gas.
You are poisoned.
You feel very sick.
You are engulfed in poison gas.
You are more poisoned.
You feel very sick.
You are engulfed in poison gas.
You are more poisoned.
* * * LOW HITPOINT WARNING * * *
You die...

#.# #....... #.#
#....... #### #.#
#....... ..# #.#
#....... #§# #.#
#....... #§###.#
#....... #.####§§§..#
#..###.. ###....§§§...#
#.## ##. .. ###@§...#
#.# #. #.
#§#....####.## ##.
#..###§#..........###..
#....§.##...####.......
#....#######.##
#####... #.## #.# ###.
#.# #. #+# ####. #....


There were no monsters in sight!

Vanquished Creatures
  A dart slug (D:1)
  3 endoplasms (D:1)
  2 goblins (D:1)
  2 hobgoblins (D:1)
  A quokka (D:1)
  3 ball pythons (D:1)
  A bat (D:1)
  5 kobolds (D:1)
  2 rats (D:1)
20 creatures vanquished.

Notes
Turn   | Place    | Note
-------+----------+-------------------------------------------
     0 | D:1      | Goldberg the Human Fighter began the quest for the Orb.
     0 | D:1      | Reached XP level 1. HP: 18/18 MP: 1/1
    52 | D:1      | Found Tuddoegu's Assorted Antiques.
    94 | D:1      | Reached XP level 2. HP: 22/24 MP: 2/2
   675 | D:1      | Reached XP level 3. HP: 29/29 MP: 3/3
   694 | D:1      | Succumbed to their own poison gas

Illustrated notes

Levels and vault maps discovered:
D:1:      minmay_arrival_four_circles, layout_loops_corners,
          basic_ecumenical_altar, serial_shops, shop

Action                     || total
---------------------------++-------
  Melee: Trident           ||    63
    Use: Scroll            ||     1
 Armour: Scale mail        ||    15
  Dodge: Dodged            ||    21
  Block: Buckler           ||     8

Table legend: (Time is in decaauts)
 A = Elapsed time spent in this place.
 B = Non-inter-level travel time spent in this place.
 C = Inter-level travel time spent in this place.
 D = Time resting spent in this place.
 E = Time spent auto-exploring this place.
 F = Levels seen in this place.
 G = Mean time per level.
                   A        B        C        D        E       F      G
               +--------+--------+--------+--------+--------+-----+--------+
         Total |    709 |    709 |      0 |      0 |    499 |   1 |  709.0 |
       Dungeon |    709 |    709 |      0 |      0 |    499 |   1 |  709.0 |
               +--------+--------+--------+--------+--------+-----+--------+

Top non-repeatable levels by time:
     D:1: 709 daAuts
